 Dungeon Crawl Stone Soup version 0.20.0-15-g7f486f2 (webtiles) character file.

190 botchamania the Cudgeler (level 5, -6/41 HPs)
             Began as a Mummy Chaos Knight on June 29, 2017.
             Mangled by an ogre
             ... wielding a +0 giant club
              (20 damage)
             ... on level 4 of the Dungeon.
             The game lasted 00:05:30 (3515 turns).

botchamania the Cudgeler (Mummy Chaos Knight)       Turns: 3515, Time: 00:05:31

Health: -6/41      AC:  5    Str: 17    XL:     5   Next: 41%
Magic:  5/5        EV: 11    Int: 11    God:    Xom [...*..]
Gold:   160        SH:  0    Dex: 11    Spells: 4/4 levels left

rFire    x . .     SeeInvis .   a - +0 mace (chaos)
rCold    + . .     Gourm    .   (no shield)
rNeg     + + +     Faith    .   b - +2 leather armour
rPois    ∞         Spirit   .   (no helmet)
rElec    .         Reflect  .   (no cloak)
rCorr    .         Harm     .   (no gloves)
MR       .....                  (no boots)
Stlth    +.........             (no amulet)
Regen    0.2/turn               f - +2 ring of strength
MPRegen  0.1/turn               i - -2 ring of strength (curse)

@: no status effects
A: no food or potions, fire vulnerability, cold resistance 1, negative energy
resistance 3, torment resistance, unbreathing
a: Renounce Religion


You were on level 4 of the Dungeon.
You worshipped Xom.
You were a favourite toy of Xom.
You were not hungry.

You visited 1 branch of the dungeon, and saw 4 of its levels.

You collected 160 gold pieces.

Inventory:

Hand Weapons
 a - a +0 mace of chaos (weapon)
 k - a +2 whip of flaming
 o - a +0 hunting sling
Missiles
 m - 62 stones (quivered)
Armour
 b - a +2 leather armour (worn)
 j - a +0 ring mail
 n - a +0 plate armour
Jewellery
 f - a +2 ring of strength (left hand)
 g - an uncursed ring of protection from magic
 i - a cursed -2 ring of strength (right hand)
Scrolls
 c - a scroll of amnesia
 e - a scroll of teleportation
 h - a scroll of identify
 l - 4 scrolls of remove curse
Potions
 d - a potion of invisibility {unknown}


   Skills:
 - Level 3.0 Fighting
 + Level 5.1 Maces & Flails
 - Level 1.5 Armour
 - Level 0.7 Dodging


You had 4 spell levels left.
You didn't know any spells.

Dungeon Overview and Level Annotations

Branches:
Dungeon (4/15)
 Temple: D:4-7

Altars:
Xom


Innate Abilities, Weirdness & Mutations

You do not eat or drink.
Your flesh is vulnerable to fire.
You are immune to poison.
Your flesh is cold resistant. (rC+)
You are immune to negative energy. (rN+++)
You are immune to unholy pain and torment.
You can survive without breathing.


Message History

Throwing (i - inventory. (,) - cycle):
p - 2 tomahawks of returning (quivered)
Press: ? - help, Shift-Dir - straight line, f - ogre
Aim: an ogre, wielding a giant club You throw a tomahawk of returning.
The tomahawk of returning barely misses the ogre.
The tomahawk of returning fails to return to your pack!
Throwing (i - inventory. (,) - cycle):
p - a tomahawk of returning (quivered)
Press: ? - help, Shift-Dir - straight line, f/p - ogre
Aim: an ogre, wielding a giant club You throw a tomahawk of returning.
The tomahawk of returning hits the ogre but does no damage.
The tomahawk of returning fails to return to your pack!
You hit the ogre.
The ogre is lightly wounded.
The ogre hits you with a giant club!!
Ouch! That really hurt!
A shower of butterflies erupts from you!
The ogre hits you with a giant club!!
You die...
Xom is highly amused!

###########
########.##......#
.......#.##......#
######.#.........#
# #.#<##....#.## #
#.#..).......# #
#.##########b#####.
# #.#
#(..(O@.)...... #
#.# #.##..O#.#.##.#
####
#.####.#.§..b....#
...#
#......§§######....
##.# #..###.#§#
#...# #.# #..#
#.#§§§...# #..# #.#
#..###.#...#..O# ..
#.# #......#..## ..
#.# ##.#####.##


You could see 2 ogres.

Vanquished Creatures
  3 gnolls (D:2)
  8 adders
  2 worms (D:2)
  6 dart slugs
  3 leopard geckos
  4 orcs
  A ball python (D:1)
  5 giant cockroaches
  5 goblins
  6 hobgoblins
  A jackal (D:2)
  A quokka (D:1)
  8 bats
  3 frilled lizards
  8 kobolds
  9 rats
73 creatures vanquished.

Notes
Turn   | Place    | Note
-------+----------+-------------------------------------------
     0 | D:1      | botchamania the Mummy Chaos Knight began the quest for the Orb.
     0 | D:1      | Reached XP level 1. HP: 18/18 MP: 1/1
   131 | D:1      | Reached XP level 2. HP: 22/24 MP: 2/2
   223 | D:1      | XOM: divination: detect creatures
   258 | D:1      | Reached skill level 3 in Maces & Flails
   288 | D:1      | XOM: harmless Summ miscast
   587 | D:1      | Reached XP level 3. HP: 29/29 MP: 3/3
   640 | D:1      | You fall through a shaft!
   775 | D:2      | XOM: harmless Air miscast
   985 | D:2      | XOM: potion effect (heal wounds)
   993 | D:2      | XOM: divination: magic mapping
   995 | D:2      | XOM: polymorph gnoll -> leopard gecko
   996 | D:2      | XOM: chaos cloud
   998 | D:2      | XOM: scenery: create altars
  1008 | D:2      | Reached skill level 4 in Maces & Flails
  1027 | D:2      | Reached XP level 4. HP: 4/35 MP: 4/4
  1425 | D:3      | XOM: polymorph frilled lizard -> adder
  1675 | D:3      | XOM: harmless Hex miscast
  2030 | D:2      | XOM: harmless Chrm miscast
  2100 | D:2      | XOM: summons 2 hostile demons
  2337 | D:2      | XOM: 9-stop teleportation journey
  2379 | D:2      | XOM: harmless Ice miscast
  2405 | D:2      | Reached XP level 5. HP: 40/41 MP: 5/5
  2904 | D:2      | Reached skill level 5 in Maces & Flails
  3305 | D:4      | XOM: summons 2 hostile demons
  3502 | D:4      | Noticed an ogre
  3502 | D:4      | XOM: fog
  3515 | D:4      | XOM: butterfly on damage
  3515 | D:4      | Mangled by an ogre

Skill      XL: |  1  2  3  4  5 |
---------------+----------------+-----
Maces & Flails | 3 4 5 |  5.1
Fighting       | |  3.0
Armour         | |  1.5
Dodging        | |  0.7

Action                   |  1- 3 |  4- 6 || total
-------------------------+-------+-------++-------
Melee: Mace              |    95 |   174 ||   269
Throw: Tomahawk          |       |     2 ||     2
  Use: Scroll            |     4 |     2 ||     6
 Stab: Petrified         |     4 |       ||     4
       Paralysed         |       |     5 ||     5
Armor: Leather armour    |    41 |    57 ||    98
Dodge: Dodged            |    85 |   110 ||   195
